 Dungeon Sprint DCSS version 0.32-a0-738-g1a05c61809 (webtiles) character file.

Game seed: 2724946240672559769

24520 Conn the Sage (level 13, -4/80 HPs)
             Began as an Octopode Fire Elementalist on Mar 17, 2024.
             Was a High Priest of Sif Muna.
             Succumbed to Nessos's poison
             ... in the Dungeon (Sprint II: "The Violet Keep of Menkaure").
             The game lasted 01:13:42 (5227 turns).

Conn the Sage (Octopode Fire Elementalist)          Turns: 5227, Time: 01:13:43

Health: -4/80      AC:  6    Str: 11    XL:     13   Next: 13%
Magic:  7/30       EV: 19    Int: 25    God:    Sif Muna [*****.]
Gold:   2974       SH:  8    Dex: 17    Spells: 5/38 levels left

rFire   . . .        n - +8 battleaxe "Atychizy" {speed, rPois rF- Str+4}
rCold   + . .        (shield currently unavailable)
rNeg    + . .        x - +1 hat
rPois   +            s - brooch of Shielding {Spirit SH+8}
rElec   .            t - ring of wizardry
rCorr   +            o - ring of protection from cold
SInv    .            f - ring of Shadows {Umbra +Inv Stlth+}
Will    .....        i - ring "Ogipn" {rN+ rCorr}
Stlth   ++++++++     r - ring of fire
HPRegen 0.33/turn    A - ring "Weuw Cew" {+Blink rC+ Dex+3}
MPRegen 0.22/turn    j - +4 ring of protection
                     l - +6 ring of intelligence

%: no teleportation, guardian spirit, wizardry (x1)
@: lethally poisoned (-4 -> -88), wreathed by umbra
A: almost no armour, amphibious, 8 rings, camouflage 1, gelatinous body 1,
(nimble swimmer 1), tentacles, tentacle spike 1, dopey 1, frail 1, subdued magic
1, inability to drink after injury 1, noise suppression, persistent drain
a: Renounce Religion, Evoke Blink, Evoke Invisibility, Channel Magic, Forget
Spell, Divine Exegesis


You were in the Dungeon.
You worshipped Sif Muna.
Sif Muna was extremely pleased with you.
You visited 1 branch You collected 6253 gold pieces.
You spent 3279 gold pieces at shops.

Inventory:

Hand Weapons
 d - the +8 spear of Woill {antimagic, *Slow rCorr Str+2}
   (You bought it in a shop in the Dungeon)

   Str+2:     It affects your strength (+2).
   rCorr:     It protects you from acid and corrosion.
   *Slow:     It may slow you when you take damage.
 n - the +8 battleaxe "Atychizy" (weapon) {speed, rPois rF- Str+4}
   (You bought it in a shop in the Dungeon)

   Str+4:     It affects your strength (+4).
   rF-:       It makes you vulnerable to fire.
   rPois:     It protects you from poison.
 q - a +1 heavy mace
Missiles
 v - 4 curare-tipped darts (quivered)
Armour
 x - a +1 hat (worn)
Magical Staves
 b - a staff of air
 B - a staff of fire
 D - a staff of cold
Jewellery
 f - the ring of Shadows (on tentacle) {Umbra +Inv Stlth+}
   (You bought it in a shop in the Dungeon)

   [ring of stealth]

   Umbra:     It surrounds you with an aura of shadow, increasing your stealth
   and reducing the accuracy of all others within it.
   +Inv:      It lets you turn invisible.
   Stlth+:    It makes you more stealthy.
 g - a +5 ring of evasion
 i - the ring "Ogipn" (on tentacle) {rN+ rCorr}
   (You bought it in a shop in the Dungeon)

   [ring of positive energy]

   rN+:       It protects you from negative energy.
   rCorr:     It protects you from acid and corrosion.
 j - a +4 ring of protection (on tentacle)
 l - a +6 ring of intelligence (on tentacle)
 o - a ring of protection from cold (right tentacle)
 p - an amulet of regeneration
 r - a ring of fire (on tentacle)
 s - the brooch of Shielding (around mantle) {Spirit SH+8}
   (You bought it in a shop in the Dungeon)

   [amulet of guardian spirit]

   Spirit:    It causes incoming damage to be divided between your reserves of
   health and magic.
   SH+8:      It affects your SH (+8).
 t - a ring of wizardry (left tentacle)
 A - the ring "Weuw Cew" (on tentacle) {+Blink rC+ Dex+3}
   (You found it in the Dungeon)

   [ring of protection from cold]

   Dex+3:     It affects your dexterity (+3).
   rC+:       It protects you from cold.
   +Blink:    It lets you blink.
Wands
 y - a wand of flame (4)
 z - a wand of digging (4)
Scrolls
 e - a scroll of silence
 m - a scroll of revelation
 w - a scroll of fog
 H - 2 scrolls of blinking
 I - 2 scrolls of identify
Potions
 a - 15 potions of magic
 c - a potion of heal wounds
 h - 2 potions of resistance
 k - 10 potions of enlightenment
 u - 2 potions of lignification
 E - 3 potions of haste
 J - a potion of attraction
Miscellaneous
 C - a sack of spiders
 F - a phial of floods
 G - a condenser vane


   Skills:
 + Level 8.5 Fighting
 + Level 11.5 Dodging
 - Level 6.0 Stealth
 + Level 8.5 Shields
 + Level 13.0 Spellcasting
 - Level 12.5 Conjurations
 - Level 5.0 Hexes
 - Level 5.0 Summonings
 - Level 8.0 Translocations
 + Level 11.4 Fire Magic
 - Level 10.0 Earth Magic
 - Level 14.0 Invocations
 + Level 10.1 Evocations


You had 5 spell levels left.
You knew the following spells:

 Your Spells              Type           Power      Damage    Failure   Level
a - Foxfire               Conj/Fire      100%       2x1d9     0%          1
b - Scorch                Fire           100%       2d9       0%          2
c - Fireball              Conj/Fire      36%        3d15      1%          5
e - Orb of Destruction    Conj           28%        9d9       6%          7
f - Brom's Barrelling Bo  Conj/Erth      54%        2d7       1%          4
g - Iskenderun's Mystic   Conj/Tloc      51%        2d11      1%          4
h - Bombard               Conj/Erth      27%        9d5       1%          6
i - Blink                 Tloc           86%        N/A       1%          2
j - Call Imp              Summ           62%        N/A       1%          2

Your spell library contained the following spells:

 Spells                   Type           Power      Damage    Failure   Level
 Magic Dart               Conj           100%       1d8       0%          1
 Sandblast                Erth           100%       2d20      1%          1
 Summon Small Mammal      Summ           100%       N/A       1%          1
 Sublimation of Blood     Necr           12%        N/A       1%          2
 Dazzling Flash           Conj/Hex       92%        N/A       1%          3
 Hailstorm                Conj/Ice       36%        3d9       1%          3
 Inner Flame              Hex/Fire       60%        N/A       1%          3
 Passwall                 Erth           50%        N/A       1%          3
 Stone Arrow              Conj/Erth      100%       3d13      1%          3
 Summon Ice Beast         Ice/Summ       22%        N/A       1%          3
 Teleport Other           Tloc           43%        N/A       1%          3
 Volatile Blastmotes      Fire/Tloc      100%       2d18      1%          3
 Cause Fear               Hex            15%        N/A       1%          4
 Flame Wave               Conj/Fire      73%        2d16      1%          4
 Fulminant Prism          Conj/Alch      18%        3d10      1%          4
 Manifold Assault         Tloc           43%        N/A       1%          4
 Petrify                  Alch/Erth      31%        N/A       1%          4
 Summon Blazeheart Golem  Fire/Summ      60%        N/A       1%          4
 Iskenderun's Battlesphe  Conj           57%        2d11      1%          5
 Vhi's Electric Charge    Tloc/Air       54%        N/A       2%          4
 Arcjolt                  Conj/Air       18%        1d28      2%          5
 Irradiate                Conj/Alch      18%        3d17      2%          5
 Summon Forest            Summ/Tloc      18%        N/A       2%          5
 Summon Mana Viper        Hex/Summ       31%        N/A       4%          5
 Freezing Cloud           Conj/Ice/Air   14%        6-21      6%          5
 Metabolic Englaciation   Hex/Ice        11%        N/A       12%         5
 Yara's Violent Unravell  Hex/Alch       11%        3d6       12%         5
 Starburst                Conj/Fire      36%        6d11      1%          6
 Plasma Beam              Fire/Air       25%        2x1d38    17%         6
 Permafrost Eruption      Ice/Erth       15%        2x4d5     24%         6
 Spellforged Servitor     Conj/Summ      23%        N/A       28%         7
 Lehudib's Crystal Spear  Conj/Erth      27%        10d7      61%         8
 Enfeeble                 Hex            15%        N/A       77%         7
 Sculpt Simulacrum        Ice/Alch       6%         N/A       87%         6
 Disjunction              Tloc           21%        N/A       96%         8
 Maxwell's Capacitive Co  Air            6%         ∞         100%        8
 Dragon's Call            Summ           15%        N/A       100%        9
 Fire Storm               Conj/Fire      36%        8d9       100%        9
 Animate Armour           Summ/Erth      Unusable   N/A       N/A         4

Dungeon Overview and Level Annotations

Branches:
Dungeon (1/1)

Altars:
Cheibriados
Dithmenos
Elyvilon
Fedhas
Gozag
Hepliaklqana
Kikubaaqudgha
Makhleb
Nemelex Xobeh
Okawaru
Qazlal
Ru
Sif Muna
Trog
Uskayaw
Vehumet
Wu Jian
Xom
Yredelemnul
Zin
The Shining One
Beogh
Jiyva
Lugonu

Shops:
D *(:!*=*[?:(*::!*(=[:=(([=!=(=::

Annotations:
D exclusion: oklob plant, Nessos


Innate Abilities, Weirdness & Mutations

You cannot wear most types of armour.
You are amphibious.
You can wear up to eight rings at the same time.
Your skin changes colour to match your surroundings (Stealth+).
Your rubbery body absorbs attacks. (AC +1, EV +1)
((You are camouflaged when in or above water. (Stealth+)))
You have tentacles for arms and can constrict up to eight enemies at once.
One of your tentacles bears a spike.
You are dopey. (Int -2)
You are frail. (-10% HP)
Your spells are a little easier to cast, but a little less powerful.
You occasionally lose the ability to drink potions when taking damage.
You passively dampen the noise of your surroundings.
Your health recovers twice as slowly from being drained.


Message History

Okay, then.
Unknown command.
Casting: Foxfire (safe; 0% risk of failure)
Confirm with . or Enter, or press ? or * to list all spells.
Aiming: Bombard (dangerous; 1% risk of failure)
Press: ? - help, Shift-Dir - straight line, f - Nessos
Aim: Nessos, wielding a +3 longbow of flaming, wearing a +1 barding of fire resistance and carrying a wand of light (fast, ally target, 83% to hit)
Okay, then.
Unknown command.
Unknown command.
Casting: Bombard (dangerous; 1% risk of failure)
Confirm with . or Enter, or press ? or * to list all spells.
Aiming: Brom's Barrelling Boulder (safe; 1% risk of failure)
Press: ? - help, Dir - move target, f/p - Nessos
Aim: Nessos, wielding a +3 longbow of flaming, wearing a +1 barding of fire resistance and carrying a wand of light (fast, ally target, 100% to hit)
You send a boulder barrelling forward!
You feel sick.
The foxfire hits Nessos but does no damage.
Nessos shoots an arrow.
The arrow hits your boulder!!
Casting: Brom's Barrelling Boulder (safe; 1% risk of failure)
Confirm with . or Enter, or press ? or * to list all spells.
You feel a surge of power!
Flames lash Nessos.
Nessos resists.
Nessos is lightly wounded.
Nessos's fire resistance burns away.
You feel sick.
Nessos zaps a wand.
The bolt of light hits your boulder!
Your boulder is destroyed!
The bolt of light misses you. The bolt of light hits your foxfire!!
Nessos shoots an arrow.
The arrow hits you!! The arrow burns you.
You are more poisoned.
Nessos shoots an arrow.
The arrow hits you!!
* * * LOW HITPOINT WARNING * * *
The arrow burns you.
You are more poisoned.
* * * LOW HITPOINT WARNING * * *
Unknown command.
Unknown command.
Unknown command.
Blink to where?
Press: ? - help, Dir - move target, p - Nessos
As you read the scroll of blinking, it crumbles to dust.
You die...

##S≈○§≈≈§§≈##§≈≈≈≈≈≈
###≈≈≈§≈≈S##########
#∩####+####§≈≈§≈§≈##
##^.^.#####≈§§≈≈≈≈≈§#
#∩..^....+§§§≈§.≈≈§§§
###########.##≈§≈§§≈≈§≈#
)=ooo[).o#..##§§§§§≈§##
##################...#########.
.∩[∩c≈.§v.....@.)...)'.'...'.'.
###############################


You could see 2 orc priests.

Vanquished Creatures
  A deep elf blademaster (D)
  A kraken (D)
  A deep elf master archer (D)
  2 sphinxes (D)
  Gastronok (D)
  Kirke (D)
  A dire elephant (D)
  An ice dragon (D)
  A yaktaur captain (D)
  A centaur warrior (D)
  2 hell hogs (D)
  An iron elemental (D)
  A death yak (D)
  3 sixfirhies (D)
  A skeletal warrior (D)
  An obsidian statue (D)
  2 deep trolls (D)
  2 death drakes (D)
  A harpy (D)
  A thermic dynamo (D)
  An orange crystal statue (D)
  3 orc sorcerers (D)
  An eye of devastation (D)
  2 cane toads (D)
  An elephant (D)
  An ice statue (D)
  A kobold demonologist (D)
  A yaktaur (D)
  5 polar bears (D)
  A hornet (D)
  2 wyverns (D)
  4 neqoxecs (D)
  Menkaure (D)
  2 swamp drakes (D)
  3 black bears (D)
  7 crocodiles (D)
  6 weeping skulls (D)
  4 scorpions (D)
  A jelly (D)
  An iron imp (D)
  A hell rat (D)
  A shadow imp (D)
  3 ribbon worms (D)
  4 tentacles (D)
83 creatures vanquished.

Vanquished Creatures (others)
  126 foxfires (D)
  8 tentacles (D)
134 creatures vanquished.

Grand Total: 217 creatures vanquished

Notes
Turn   | Place    | Note
-------+----------+-------------------------------------------
     0 | D        | Conn the Octopode Fire Elementalist began the quest for the
                  | Orb.
     0 | D        | Reached XP level 1. HP: 11/11 MP: 3/3
     2 | D        | Noticed a neqoxec
     2 | D        | Noticed a neqoxec
     2 | D        | Noticed a neqoxec
     2 | D        | Noticed a neqoxec
     9 | D        | Noticed a scorpion
     9 | D        | Noticed a scorpion
    14 | D        | Noticed a scorpion
    19 | D        | Killed a scorpion
    20 | D        | Reached XP level 2. HP: 17/17 MP: 0/7
    20 | D        | Reached XP level 3. HP: 21/21 MP: 0/8
    20 | D        | Reached XP level 4. HP: 27/27 MP: 0/10
    22 | D        | Killed a scorpion
    23 | D        | Reached skill level 5 in Stealth
    23 | D        | Reached skill level 5 in Conjurations
    23 | D        | Reached XP level 5. HP: 31/31 MP: 0/12
    24 | D        | Reached skill level 5 in Spellcasting
    24 | D        | Reached skill level 5 in Fire Magic
    32 | D        | Reached XP level 6. HP: 35/36 MP: 0/15
    40 | D        | Learned a level 2 spell: Scorch
    44 | D        | Learned a level 3 spell: Inner Flame
    49 | D        | Learned a level 4 spell: Flame Wave
    60 | D        | Reached skill level 5 in Dodging
    71 | D        | Found Etweam Bouj's Jewellery Shop.
    72 | D        | Found Baheonun's Antique Weapon Boutique.
    73 | D        | Found Kishufuc's Distillery.
    73 | D        | Found Ydweing's Jewellery Shop.
    74 | D        | Found Gutuss's Jewellery Shop.
    74 | D        | Found Zef Icau's Book Boutique.
    75 | D        | Found Doshem's Distillery.
    75 | D        | Found Noruifil's Antique Armour Shop.
    76 | D        | Found Voipno Faorgh's Book Shop.
    76 | D        | Found Ydiupt's Magic Scroll Boutique.
    76 | D        | Found Buifur's Antique Armour Shop.
    76 | D        | Found Diuck's Book Boutique.
    77 | D        | Found Suim's Jewellery Shop.
    77 | D        | Found Juip's Jewellery Boutique.
    79 | D        | Noticed Menkaure
    79 | D        | Noticed an oklob plant
    82 | D        | Found Deigeul's Book Shoppe.
    87 | D        | Noticed a slime creature
    94 | D        | Killed Menkaure
    96 | D        | Noticed a slime creature
    99 | D        | Bought a scorched spear for 152 gold pieces
    99 | D        | Identified the +8 spear of Woill {antimagic, *Slow rCorr
                  | Str+2} (You bought it in a shop in the Dungeon)
   102 | D        | Noticed a slime creature
   105 | D        | Noticed a yak
   105 | D        | Noticed a yak
   128 | D        | Noticed a wyvern
   132 | D        | Killed a wyvern
   133 | D        | Reached XP level 7. HP: 41/41 MP: 6/18
   134 | D        | Noticed a wyvern
   140 | D        | Killed a wyvern
   164 | D        | Found a glowing silver altar of Zin.
   165 | D        | Found a glowing golden altar of the Shining One.
   165 | D        | Found a basalt altar of Yredelemnul.
   165 | D        | Found a hide-covered altar of Uskayaw.
   166 | D        | Found a shimmering altar of Xom.
   166 | D        | Found a bloodstained altar of Trog.
   167 | D        | Found an ornate altar of the Wu Jian Council.
   167 | D        | Found a shimmering blue altar of Sif Muna.
   167 | D        | Found a corrupted altar of Lugonu.
   167 | D        | Found a radiant altar of Vehumet.
   167 | D        | Found a burning altar of Makhleb.
   168 | D        | Found a sacrificial altar of Ru.
   168 | D        | Found an ancient bone altar of Kikubaaqudgha.
   168 | D        | Found a white marble altar of Elyvilon.
   168 | D        | Found a sparkling altar of Nemelex Xobeh.
   168 | D        | Found a blossoming altar of Fedhas.
   169 | D        | Found a stormy altar of Qazlal.
   169 | D        | Found a viscous altar of Jiyva.
   169 | D        | Found a shadowy altar of Dithmenos.
   170 | D        | Found a hazy altar of Hepliaklqana.
   170 | D        | Found a snail-covered altar of Cheibriados.
   172 | D        | Found a roughly hewn altar of Beogh.
   173 | D        | Found an opulent altar of Gozag.
   173 | D        | Found an iron altar of Okawaru.
   176 | D        | Became a worshipper of Sif Muna the Loreminder
   191 | D        | Noticed a kraken
   315 | D        | Identified a scroll of acquirement
   315 | D        | Acquired 1232 gold pieces
   323 | D        | Learned a level 3 spell: Stone Arrow
   328 | D        | Learned a level 4 spell: Brom's Barrelling Boulder
   333 | D        | Learned a level 4 spell: Iskenderun's Mystic Blast
   413 | D        | Noticed a yaktaur
   413 | D        | Noticed a hornet
   413 | D        | Noticed a polar bear
   413 | D        | Noticed a polar bear
   414 | D        | Noticed a polar bear
   422 | D        | Killed a polar bear
   423 | D        | Reached skill level 1 in Hexes
   423 | D        | Reached skill level 1 in Translocations
   423 | D        | Reached skill level 1 in Earth Magic
   423 | D        | Reached skill level 2 in Invocations
   423 | D        | Reached XP level 8. HP: 13/46 MP: 3/20
   423 | D        | HP: 1/46 [polar bear (5)]
   425 | D        | Killed a polar bear
   425 | D        | Reached * piety under Sif Muna
   425 | D        | Killed a polar bear
   426 | D        | Reached skill level 10 in Conjurations
   426 | D        | Reached skill level 4 in Invocations
   442 | D        | Killed a yaktaur
   573 | D        | Learned a level 3 spell: Passwall
   621 | D        | Killed a hornet
   621 | D        | Reached ** piety under Sif Muna
   622 | D        | Reached skill level 5 in Invocations
   622 | D        | Reached XP level 9. HP: 39/51 MP: 14/22
   689 | D        | Noticed a death drake
   706 | D        | Noticed an ice statue
   709 | D        | Noticed Kirke
   709 | D        | Noticed a skeletal warrior
   709 | D        | Noticed a yaktaur captain
   760 | D        | Bought the ring of Shadows {Umbra +Inv Stlth+} for 440 gold
                  | pieces
   760 | D        | Found the ring of Shadows {Umbra +Inv Stlth+}
   777 | D        | Bought the ring "Ogipn" {rN+ rCorr} for 326 gold pieces
   787 | D        | Bought a ring of fire for 325 gold pieces
   788 | D        | Bought the brooch of Shielding {Spirit SH+8} for 715 gold
                  | pieces
   788 | D        | Found the brooch of Shielding {Spirit SH+8}
   800 | D        | Bought a potion of lignification for 30 gold pieces
   800 | D        | Bought a potion of heal wounds for 50 gold pieces
   818 | D        | Gained mutation: You are weak. (Str -2) [a neqoxec]
   819 | D        | Reached *** piety under Sif Muna
   820 | D        | Reached skill level 1 in Shields
   820 | D        | Reached skill level 10 in Spellcasting
   820 | D        | Reached skill level 6 in Invocations
   862 | D        | Bought a book of Minor Magic for 224 gold pieces
   865 | D        | Learned a level 2 spell: Blink
   868 | D        | Learned a level 2 spell: Call Imp
   880 | D        | Noticed a centaur warrior
   886 | D        | Noticed an elephant
   887 | D        | Noticed a kobold demonologist
   890 | D        | Noticed an ice dragon
   920 | D        | Killed Kirke
   921 | D        | Reached skill level 1 in Fighting
   921 | D        | Reached skill level 1 in Summonings
   924 | D        | Killed a centaur warrior
   924 | D        | Reached **** piety under Sif Muna
   925 | D        | Reached skill level 7 in Invocations
   925 | D        | Reached XP level 10. HP: 23/61 MP: 4/24
   971 | D        | Killed a yaktaur captain
   972 | D        | Reached skill level 5 in Evocations
   972 | D        | Killed an elephant
   980 | D        | Killed a skeletal warrior
   981 | D        | Reached skill level 5 in Hexes
  1161 | D        | Reached ***** piety under Sif Muna
  1172 | D        | Received a gift from Sif Muna
  1173 | D        | Reached skill level 5 in Translocations
  1173 | D        | Reached skill level 5 in Earth Magic
  1173 | D        | Reached skill level 8 in Invocations
  1233 | D        | Noticed an iron elemental
  1258 | D        | Killed a kobold demonologist
  1406 | D        | Killed a death drake
  1536 | D        | Killed an ice dragon
  1537 | D        | Reached XP level 11. HP: 34/69 MP: 2/26
  1666 | D        | Learned a level 6 spell: Bombard
  1699 | D        | Bought a ring of wizardry for 300 gold pieces
  1708 | D        | Bought a potion of lignification for 30 gold pieces
  1713 | D        | Bought a scroll of identify for 20 gold pieces
  1713 | D        | Bought a scroll of identify for 20 gold pieces
  1713 | D        | Bought a scroll of identify for 20 gold pieces
  1717 | D        | Lost mutation: You are weak. (Str -2) [potion of mutation]
  1717 | D        | Gained mutation: One of your tentacles bears a spike.
                  | [potion of mutation]
  1717 | D        | Gained mutation: You passively dampen the noise of your
                  | surroundings. [potion of mutation]
  1717 | D        | Gained mutation: You are dopey. (Int -2) [potion of
                  | mutation]
  1717 | D        | Gained mutation: Your muscles are strong. (Str +4, Int/Dex
                  | -1) [potion of mutation]
  1733 | D        | Noticed a storm dragon
  1757 | D        | Noticed a death drake
  1757 | D        | Noticed a thermic dynamo
  1780 | D        | Killed a kraken
  1781 | D        | Reached skill level 9 in Invocations
  1922 | D        | Received a gift from Sif Muna
  1925 | D        | Got Sif Muna's Information on Charred Ill Luck {god gift}
  2039 | D        | Noticed a deep troll
  2039 | D        | Noticed a deep troll
  2059 | D        | Killed a deep troll
  2060 | D        | Reached skill level 5 in Shields
  2126 | D        | Killed a deep troll
  2212 | D        | Noticed a sphinx
  2212 | D        | Noticed a sphinx
  2219 | D        | Killed a sphinx
  2220 | D        | Reached skill level 5 in Fighting
  2220 | D        | Reached skill level 10 in Invocations
  2220 | D        | Killed a sphinx
  2221 | D        | Reached skill level 5 in Summonings
  2294 | D        | Noticed an orange crystal statue
  2340 | D        | Killed a thermic dynamo
  2356 | D        | Killed a death drake
  2357 | D        | Reached skill level 10 in Dodging
  2461 | D        | Noticed a hell hog
  2461 | D        | Noticed a hell hog
  2465 | D        | Killed a hell hog
  2466 | D        | Reached skill level 10 in Fire Magic
  2466 | D        | Reached skill level 11 in Invocations
  2470 | D        | Killed a hell hog
  2470 | D        | Received a gift from Sif Muna
  2471 | D        | Reached XP level 12. HP: 49/79 MP: 5/28
  2489 | D        | Learned a level 7 spell: Orb of Destruction
  2520 | D        | Bought a +4 ring of protection for 396 gold pieces
  2557 | D        | Noticed a bone dragon
  2557 | D        | Noticed a cacodemon
  2878 | D        | Killed an iron elemental
  2878 | D        | Received a gift from Sif Muna
  2879 | D        | Got Sif Muna's Atlas of Earthen Confrontation {god gift}
  2894 | D        | Found Giabb's Assorted Antiques.
  2894 | D        | Found Iriwei's General Store.
  2894 | D        | Found Ucaxkosin's Antique Weapon Shop.
  2894 | D        | Found Ceotacups's Jewellery Shoppe.
  2894 | D        | Found Huzeecve's Armour Boutique.
  2895 | D        | Found Ixzoecw's Assorted Antiques.
  2895 | D        | Found Wuitoreoc's General Store.
  2895 | D        | Found Wischifa's General Store.
  2895 | D        | Found Cabuyt's Weapon Shop.
  2895 | D        | Found Atel's Book Emporium.
  2895 | D        | Found Elues's Antique Weapon Shop.
  2895 | D        | Found Noupp's Weapon Shoppe.
  2908 | D        | Bought a transparent battleaxe for 195 gold pieces
  2908 | D        | Identified the +8 battleaxe "Atychizy" {speed, rPois rF-
                  | Str+4} (You bought it in a shop in the Dungeon)
  2915 | D        | Bought 3 curare-tipped darts for 36 gold pieces
  3220 | D        | Noticed a deep elf master archer
  3293 | D        | Noticed a death yak
  3302 | D        | Killed a death yak
  3438 | D        | Learned a level 5 spell: Fireball
  3442 | D        | Killed a deep elf master archer
  3443 | D        | Reached skill level 12 in Invocations
  3589 | D        | Lost mutation: Your muscles are strong. (Str +4, Int/Dex
                  | -1) [mutagenic glow]
  3598 | D        | Gained mutation: Your health recovers twice as slowly from
                  | being drained. [mutagenic glow]
  3600 | D        | Found Jinaoz's Book Shoppe.
  3601 | D        | Found Rodwohia's Book Boutique.
  3612 | D        | Gained mutation: You occasionally lose the ability to drink
                  | potions when taking damage. [mutagenic glow]
  3635 | D        | Found Bamoot's Weapon Boutique.
  3645 | D        | Gained mutation: You are frail. (-10% HP) [mutagenic glow]
  3658 | D        | Gained mutation: Your spells are a little easier to cast,
                  | but a little less powerful. [mutagenic glow]
  3826 | D        | Noticed Gastronok
  3884 | D        | Killed Gastronok
  3885 | D        | Reached skill level 10 in Earth Magic
  4006 | D        | Noticed a dire elephant
  4020 | D        | Identified the staffdeath of Recklessness {rN+ Int-3 Dex+2
                  | SInv Necro}
  4067 | D        | Received a gift from Sif Muna
  4068 | D        | Reached skill level 13 in Invocations
  4080 | D        | Killed a dire elephant
  4128 | D        | Identified the +2 plate armour of the Hall of Blades {Fly
                  | rN+}
  4135 | D        | Identified the ring "Weuw Cew" {+Blink rC+ Dex+3}
  4156 | D        | Got the Lectures on Ozone and Generation
  4176 | D        | Got the Notes on Translocation and Convocation
  4184 | D        | Acquired 475 gold pieces
  4186 | D        | Acquired 442 gold pieces
  4188 | D        | Acquired 892 gold pieces
  4440 | D        | Reached XP level 13. HP: 79/79 MP: 7/29
  4550 | D        | Received a gift from Sif Muna
  4552 | D        | Got Sif Muna's Omnibus of Leadership and Topology {god
                  | gift}
  4612 | D        | Noticed a deep elf blademaster
  4628 | D        | Killed a deep elf blademaster
  4629 | D        | Reached skill level 10 in Evocations
  4864 | D        | Reached skill level 14 in Invocations
  4928 | D        | HP: 4/80 [poison (poison gas)]
  5221 | D        | Found Lepnaq's Distillery.
  5222 | D        | Noticed Nessos
  5227 | D        | Succumbed to Nessos's poison

Illustrated notes

Levels and vault maps discovered:
D:        the_violet_keep_of_menkaure [sprint2_stairs_cluster_1,
          sprint2_shoproom, sprint2_temple, sprint2_basic_supplies,
          sprint2_obstacle_5, sprint2_obstacle_4, sprint2_obstacle_2,
          sprint2_obstacle_7, sprint2_obstacle_3, sprint2_timed_cluster_1,
          sprint2_smallroom_cluster_1, sprint2_smallroom_final_cluster_1,
          sprint2_transparent_cluster_1, sprint2_second_timed_cluster_1,
          sprint2_sniper_area_1, sprint2_heavy_combat_area_1,
          sprint2_mutation_trap_area_1, sprint2_forest_area_1,
          sprint2_light_combat_area_1, sprint2_behind_water_1,
          sprint2_near_end_vault_1]

Skill      XL: |  1  2  3  4  5  6  7  8  9 10 11 12 13 |
---------------+----------------------------------------+-----
Dodging        | 3 4 6 7 8 9 10 11 | 11.5
Stealth        | 4 5 6 |  6.0
Spellcasting   | 4 6 7 8 9 10 11 12 13 | 13.0
Conjurations   | 3 5 6 8 9 10 11 12 | 12.5
Fire Magic     | 4 5 6 7 8 9 10 11 | 11.4
Hexes          | 1 3 4 5 |  5.0
Translocations | 1 3 4 5 7 8 |  8.0
Earth Magic    | 1 3 4 5 8 10 | 10.0
Invocations    | 2 5 7 8 11 13 14 | 14.0
Shields        | 3 4 6 8 |  8.5
Evocations     | 4 6 7 9 10 | 10.1
Fighting       | 2 4 6 8 |  8.5
Summonings     | 2 3 5 |  5.0

Action                     |  1- 3 |  4- 6 |  7- 9 | 10-12 | 13-15 || total
---------------------------+-------+-------+-------+-------+-------++-------
  Melee: Unarmed           |     2 |    12 |       |       |       ||    14
         Constrict         |     1 |     5 |     2 |     6 |       ||    14
         Tentacles         |       |     5 |     1 |    10 |       ||    16
         Punch             |       |     1 |       |       |       ||     1
         Mace              |       |       |     5 |    19 |       ||    24
         Spear             |       |       |       |     2 |       ||     2
         Kick              |       |       |       |     8 |       ||     8
         Staff             |       |       |       |     1 |       ||     1
  Throw: Dart              |       |       |       |     2 |     2 ||     4
   Cast: Foxfire           |     3 |     9 |    19 |    46 |     1 ||    78
         Scorch            |       |     1 |     9 |    49 |     2 ||    61
         Flame Wave        |       |       |     7 |     9 |       ||    16
         Inner Flame       |       |       |     6 |    12 |       ||    18
         Brom's Barrelling |       |       |     1 |    43 |     4 ||    48
         Call Imp          |       |       |     1 |     6 |     1 ||     8
         Iskenderun's Myst |       |       |       |    23 |     3 ||    26
         Stone Arrow       |       |       |       |     3 |       ||     3
         Bombard           |       |       |       |    18 |     2 ||    20
         Orb of Destructio |       |       |       |    13 |     4 ||    17
         Fireball          |       |       |       |     6 |     3 ||     9
         Blink             |       |       |       |     1 |       ||     1
 Invoke: Channel Magic     |       |       |     2 |    12 |     1 ||    15
         Forget Spell      |       |       |       |     3 |       ||     3
Ability: Evoke Invisibilit |       |       |     1 |     1 |       ||     2
    Use: Potion            |     2 |       |     3 |     6 |     3 ||    14
         Scroll            |       |       |     3 |     9 |     3 ||    15
   Stab: Sleeping          |       |       |     1 |     2 |       ||     3
 Armour: Skin              |     1 |     6 |    18 |    44 |     8 ||    77
  Dodge: Dodged            |       |     4 |    24 |    69 |     1 ||    98
  Block: Other             |       |       |     3 |    23 |     3 ||    29

Table legend: (Time is in decaauts)
 A = Elapsed time spent in this place.
 B = Non-inter-level travel time spent in this place.
 C = Inter-level travel time spent in this place.
 D = Time resting spent in this place.
 E = Time spent auto-exploring this place.
 F = Levels seen in this place.
 G = Mean time per level.
                   A        B        C        D        E       F      G
               +--------+--------+--------+--------+--------+-----+--------+
         Total |   5262 |   5257 |      5 |   2858 |      0 |   1 | 5262.0 |
       Dungeon |   5262 |   5257 |      5 |   2858 |      0 |   1 | 5262.0 |
               +--------+--------+--------+--------+--------+-----+--------+

Top non-repeatable levels by time:
       D: 5262 daAuts
